 Dungeon Crawl Stone Soup version 0.31.0-32-g396128a36d (webtiles) character file.

Game seed: 17997951923104218241

14550 Fractals the Warrior (level 11, 102/102 HPs)
             Began as a Demonspawn Gladiator on Apr 5, 2024.
             Was an Initiate of Gozag.
             Quit the game on level 2 of the Lair of Beasts on Apr 9, 2024.
             The game lasted 00:25:45 (12105 turns).

Fractals the Warrior (Demonspawn Gladiator)        Turns: 12105, Time: 00:25:46

Health: 102/102    AC: 26    Str: 19    XL:     11   Next: 90%
Magic:  11/11      EV: 12    Int:  9    God:    Gozag
Gold:   1798       SH:  0    Dex: 14    Spells: 10/10 levels left

rFire   . . .        k - +3 short sword (flame)
rCold   . . .        (no shield)
rNeg    . . .        x - +6 scale mail of Tempters {Will+ Slay+5 SInv}
rPois   .            c - +0 helmet
rElec   .            D - +1 cloak
rCorr   .            G - +0 pair of gloves
SInv    +            B - +0 pair of boots
Will    +....        (no amulet) Stlth
                     r - +4 ring of slaying
HPRegen 0.37/turn    I - +4 ring of protection
MPRegen 0.24/turn

%: no passive effects
@: no status effects
A: hooves 2, slimy green scales 2, demonic guardian 2, magic regeneration
a: Renounce Religion, Potion Petition, Call Merchant, Bribe Branch


You were on level 2 of the Lair of Beasts.
You worshipped Gozag.
Gozag was most pleased with you.
You visited 2 branches of the dungeon, and saw 12 of its levels.

You collected 2070 gold pieces.
You paid 272 gold pieces to Gozag.

Inventory:

Hand Weapons
 a - a +0 rapier of flaming
 g - a +1 dagger of protection
 k - a +3 short sword of flaming (weapon)
 J - a +0 broad axe
Missiles
 d - 3 throwing nets
 i - 4 poisoned darts (quivered)
Armour
 c - a +0 helmet (worn)
 x - the +6 scale mail of Tempters (worn) {Will+ Slay+5 SInv}
   (You found it on level 3 of the Dungeon)

   Slay+5:    It affects your accuracy & damage with ranged weapons and melee
   (+5).
   Will+:     It increases your willpower.
   SInv:      It lets you see invisible.
 B - a +0 pair of boots (worn)
 D - a +1 cloak (worn)
 G - a +0 pair of gloves (worn)
Jewellery
 h - a ring of magical power
 r - a +4 ring of slaying (left hand)
 I - a +4 ring of protection (right hand)
Wands
 b - a wand of paralysis (7)
 u - a wand of roots (11)
 H - a wand of flame (39)
Scrolls
 e - 8 scrolls of teleportation
 l - 4 scrolls of poison
 n - a scroll of enchant weapon
 o - a scroll of fog
 t - 4 scrolls of revelation
 E - a scroll of enchant armour
Potions
 f - a potion of resistance {unknown}
 j - 2 potions of curing
 m - a potion of might {unknown}
 p - 2 potions of lignification
 q - 4 potions of haste
 s - a potion of enlightenment {unknown}
 z - a potion of ambrosia {unknown}
 C - a potion of mutation {unknown}


   Skills:
 - Level 15.0 Fighting
 - Level 2.6 Short Blades
 - Level 3.0 Throwing
 + Level 6.4 Armour
 - Level 7.0 Dodging
 + Level 6.7 Evocations


You had 10 spell levels left.
You didn't know any spells.
Your spell library contained the following spells:

 Spells                   Type           Power      Damage    Failure   Level
 Call Imp                 Summ           0%         N/A       86%         2
 Lesser Beckoning         Tloc           0%         N/A       86%         2
 Sublimation of Blood     Necr           0%         N/A       86%         2
 Gell's Gravitas          Tloc           0%         N/A       97%         3
 Teleport Other           Tloc           0%         N/A       97%         3
 Summon Forest            Summ/Tloc      0%         N/A       100%        5
 Eringya's Noxious Bog    Alch           0%         4d6       100%        6
 Summon Hydra             Summ           0%         N/A       100%        7


Dungeon Overview and Level Annotations

Branches:
Dungeon (10/15)            Temple (0/1) D:4            Lair (2/5) D:10
    Orc (0/2) D:9
  Swamp: Lair:2-3    Shoals: Lair:2-3     Snake: Lair:2-3    Spider: Lair:2-3

Altars:
Ashenzari
Dithmenos
Gozag
Kikubaaqudgha
Makhleb
Nemelex Xobeh
Qazlal
Sif Muna
Vehumet
Xom

Annotations:
D:7 1 runed translucent door, Crazy Yiuf


Innate Abilities, Weirdness & Mutations

You have hoof-like feet.
You are mostly covered in slimy green scales. (AC +3)
A demonic guardian rushes to your aid.
You regenerate magic rapidly.


Message History

A cane toad comes into view.
A cane toad is nearby!
You start resting.
A cane toad is nearby!
You strike the helpless cane toad from behind!
You hit the cane toad. You burn the cane toad.
The cane toad is lightly wounded.
The cane toad barely misses you.
You hit the cane toad. You burn the cane toad.
The cane toad is moderately wounded.
The cane toad stings you.
You hit the cane toad but do no damage.
The cane toad is lightly wounded.
The cane toad stings you but does no damage.
You hit the cane toad. You burn the cane toad.
The cane toad is moderately wounded.
The cane toad barely misses you.
You puncture the cane toad! You burn the cane toad.
The cane toad is severely wounded.
The cane toad stings you but does no damage.
You hit the cane toad. You burn the cane toad.
The cane toad is almost dead.
The cane toad stings you but does no damage.
You puncture the cane toad! You burn the cane toad.
You kill the cane toad!
You now have 1798 gold pieces (gained 8).
HP restored.
Found a stone staircase leading down.
You enter the shallow water.
Moving in this stuff is going to be slow.
Welcome back, Fractals the Demonspawn Gladiator.
Gozag says: Greed is good.
Press ? for a list of commands and other information.
Unknown command.
Unknown command.
Saving game... please wait.
Welcome back, Fractals the Demonspawn Gladiator.
Gozag says: Greed is good.
Press ? for a list of commands and other information.
Are you sure you want to abandon this character and quit the game? (Confirm with "yes".)

.♣♣♣ ♣..♣# ♣♣♣.# ♣..♣#
.♣♣♣ ### ### ##>## ..♣♣
♣♣♣♣♣♣...♣♣♣♣ ♣
...♣#♣.♣.♣.~~~.♣.♣.♣#♣.#
...........~~~..@......+
...♣#♣.♣.♣.~~~.♣.♣.♣#♣.#
..♣♣ ♣♣♣♣♣♣...♣♣♣♣ ♣ ###
#####


There were no monsters in sight!

Vanquished Creatures
  2 hydras
  2 two-headed ogres
  A skyshark (Lair:1)
  2 black mambas
  A gargoyle (D:10)
  3 cane toads
  2 komodo dragons (Lair:1)
  A polar bear (Lair:2)
  Sigmund (D:3)
  A vampire (D:10)
  18 yaks
  A steam dragon (D:8)
  2 basilisks (Lair:2)
  2 water moccasins
  2 orc warriors (D:10)
  2 black bears
  An ice beast (D:6)
  A sky beast (D:7)
  5 centaurs
  5 wolves (Lair:1)
  7 bullfrogs
  4 scorpions
  Dowan (D:7)
  9 killer bees
  6 howler monkeys
  A gnoll bouda (D:7)
  A jelly (D:6)
  An orc priest (D:3)
  2 hounds
  6 orc wizards
  2 iguanas
  6 gnolls
  7 adders
  3 ribbon worms
  3 dart slugs
  26 orcs
  8 ball pythons
  7 bats
  8 endoplasms
  5 giant cockroaches
  13 goblins
  8 hobgoblins
  5 quokkas
  4 frilled lizards
  5 kobolds
  4 rats
207 creatures vanquished.

Vanquished Creatures (collateral kills)
  A black mamba (Lair:1)
  2 cane toads (Lair:2)
  2 komodo dragons
  A blink frog (Lair:2)
  A shadow (D:9)
  A yak (D:8)
  Duvessa (D:7)
  A black bear (D:7)
  A bullfrog (D:7)
  3 killer bees (D:10)
  An orc wizard (D:10)
  A sleepcap (D:2)
  3 orcs (D:10)
  An endoplasm (D:2)
  2 quokkas
22 creatures vanquished.

Vanquished Creatures (others)
  An orc wizard (D:9)
1 creature vanquished.

Grand Total: 230 creatures vanquished

Notes
Turn   | Place    | Note
-------+----------+-------------------------------------------
     0 | D:1      | Fractals the Demonspawn Gladiator began the quest for the
                  | Orb.
     0 | D:1      | Reached XP level 1. HP: 16/16 MP: 1/1
    67 | D:1      | Gained mutation: A weak demonic guardian rushes to your
                  | aid. [demonic ancestry]
    67 | D:1      | Reached XP level 2. HP: 17/23 MP: 2/2
   211 | D:1      | Reached skill level 3 in Fighting
   475 | D:1      | Reached XP level 3. HP: 29/29 MP: 3/3
  1071 | D:2      | Gained mutation: A demonic guardian rushes to your aid.
                  | [demonic ancestry]
  1071 | D:2      | Reached XP level 4. HP: 16/37 MP: 4/4
  1758 | D:2      | Reached skill level 4 in Fighting
  2056 | D:3      | Gained mutation: You are partially covered in slimy green
                  | scales. (AC +2) [demonic ancestry]
  2056 | D:3      | Reached XP level 5. HP: 21/42 MP: 5/5
  2253 | D:3      | Found an opulent altar of Gozag.
  2254 | D:3      | Found a stormy altar of Qazlal.
  2256 | D:3      | Found a shimmering altar of Xom.
  2256 | D:3      | Found an ancient bone altar of Kikubaaqudgha.
  2263 | D:3      | Found a shimmering blue altar of Sif Muna.
  2263 | D:3      | Found a sparkling altar of Nemelex Xobeh.
  2264 | D:3      | Found a shadowy altar of Dithmenos.
  2282 | D:3      | Became a worshipper of Gozag Ym Sagoz the Greedy
  2348 | D:3      | Identified the +6 scale mail of Tempters {Will+ Slay+5
                  | SInv}
  2391 | D:3      | Found a radiant altar of Vehumet.
  2400 | D:3      | Noticed Sigmund
  2407 | D:3      | Killed Sigmund
  2408 | D:3      | Reached skill level 5 in Fighting
  2408 | D:3      | Reached XP level 6. HP: 46/51 MP: 6/6
  2547 | D:3      | Found a broken altar of Ashenzari.
  2590 | D:3      | Reached skill level 1 in Evocations
  3022 | D:4      | Reached skill level 6 in Fighting
  3022 | D:4      | Gained mutation: You have large cloven feet. [demonic
                  | ancestry]
  3022 | D:4      | Reached XP level 7. HP: 55/58 MP: 7/7
  3064 | D:4      | Found a staircase to the Ecumenical Temple.
  3379 | D:5      | Entered Level 5 of the Dungeon
  4206 | D:6      | Reached skill level 7 in Fighting
  4634 | D:6      | Gained mutation: You are mostly covered in slimy green
                  | scales. (AC +3) [demonic ancestry]
  4634 | D:6      | Reached XP level 8. HP: 64/67 MP: 8/8
  5244 | D:7      | Found a runed translucent door.
  5245 | D:7      | Noticed Crazy Yiuf
  5297 | D:7      | Noticed Dowan
  5325 | D:7      | Killed Dowan
  5326 | D:7      | Reached skill level 5 in Evocations
  5349 | D:7      | Reached skill level 8 in Fighting
  5351 | D:7      | Noticed Duvessa
  5360 | D:7      | Killed Duvessa
  5598 | D:7      | Reached skill level 9 in Fighting
  6256 | D:8      | Gained mutation: You regenerate magic rapidly. [demonic
                  | ancestry]
  6256 | D:8      | Reached XP level 9. HP: 70/78 MP: 9/9
  6271 | D:8      | Reached skill level 10 in Fighting
  6743 | D:9      | Reached skill level 5 in Dodging
  6949 | D:9      | Noticed a two-headed ogre
  6970 | D:8      | Killed a two-headed ogre
  6971 | D:8      | Reached skill level 11 in Fighting
  7264 | D:8      | Reached skill level 12 in Fighting
  7264 | D:8      | Gained mutation: You have hoof-like feet. [demonic
                  | ancestry]
  7264 | D:8      | Reached XP level 10. HP: 54/89 MP: 10/10
  7527 | D:9      | Found a burning altar of Makhleb.
  7558 | D:9      | Noticed a two-headed ogre
  7585 | D:9      | Killed a two-headed ogre
  7590 | D:9      | Reached skill level 13 in Fighting
  7966 | D:9      | Found a staircase to the Orcish Mines.
  8415 | D:10     | Entered Level 10 of the Dungeon
  9167 | D:10     | Reached skill level 5 in Armour
  9274 | D:10     | Found a staircase to the Lair.
  9315 | D:10     | Noticed a gargoyle
  9324 | D:10     | Killed a gargoyle
  9325 | D:10     | Reached skill level 14 in Fighting
  9413 | Lair:1   | Entered Level 1 of the Lair of Beasts
  9447 | Lair:1   | Noticed a black mamba
  9460 | Lair:1   | Killed a black mamba
  9461 | Lair:1   | Reached XP level 11. HP: 60/100 MP: 11/11
 10647 | Lair:2   | Noticed a skyshark
 10650 | Lair:2   | Noticed a four-headed hydra
 10668 | Lair:1   | HP: 3/101 [skyshark (6)]
 10670 | Lair:1   | Killed a skyshark
 11147 | Lair:1   | Killed a four-headed hydra
 11380 | Lair:2   | Reached skill level 15 in Fighting
 11455 | Lair:2   | Noticed a five-headed hydra
 11488 | Lair:2   | Killed a five-headed hydra
 12105 | Lair:2   | Quit the game

Illustrated notes

Levels and vault maps discovered:
D:1:      roderic_octagonal_star, layout_rooms
D:2:      layout_basic, minmay_divided_ellipse
D:3:      minmay_spotlight, layout_basic, mainiacjoe_overflow_six_doors_small,
          grunt_temple_overflow_open, mainiacjoe_overflow_cross_hatched,
          uniq_sigmund
D:4:      cheibrodos_quashed, layout_rooms, minmay_temple_entry_wispy
D:5:      layout_basic
D:6:      minmay_klotski, layout_basic
D:7:      layout_gridville, kennysheep_doodads, kennysheep_minor_cross,
          uniq_duvessa, uniq_crazy_yiuf_cottage
D:8:      layout_gridville
D:9:      layout_cave_pods, mainiacjoe_overflow_surrounded_room, orc_0_dummy,
          st_stairs_4
D:10:     layout_basic, lair_entry_dummy
Lair:1:   layout_chaotic_city
Lair:2:   nzn_winding_woodlands_huge [nzn_winding_woodlands_5x15_sidewinder,
          nzn_winding_woodlands_5x15_river_crossing,
          nzn_winding_woodlands_5x15_default, nzn_winding_woodlands_5x15_twine,
          nzn_winding_woodlands_5x15_sawtooth, nzn_winding_woodlands_5x15_eye,
          nzn_winding_woodlands_5x15_parted, nzn_winding_woodlands_5x15_pool,
          nzn_winding_woodlands_5x15_longhouse,
          nzn_winding_woodlands_5x15_concentric,
          nzn_winding_woodlands_center_garden,
          nzn_winding_woodlands_center_diamonds,
          nzn_winding_woodlands_15x15_eel_pit], layout_regular_city,
          elwin_shoals_entry_rooms, nicolae_quartered_pool_impasse,
          serial_bayou_shore_b, uniq_gastronok

Skill      XL: |  1  2  3  4  5  6  7  8  9 10 11 |
---------------+----------------------------------+-----
Throwing       | 2 3 |  3.0
Fighting       | 3 4 5 6 7 9 12 14 15 | 15.0
Dodging        | 3 5 7 |  7.0
Armour         | 2 3 5 6 |  6.4
Evocations     | 2 4 5 6 |  6.7
Short Blades   | |  2.6

Action                     |  1- 3 |  4- 6 |  7- 9 | 10-12 || total
---------------------------+-------+-------+-------+-------++-------
  Melee: Rapier            |    45 |       |       |       ||    45
         Dagger            |    37 |       |       |       ||    37
         Short sword       |    42 |   132 |   184 |   355 ||   713
         Punch             |     1 |     2 |     4 |     2 ||     9
         Kick              |       |       |     9 |       ||     9
  Throw: Javelin           |     2 |       |       |       ||     2
         Dart              |     9 |    10 |     1 |       ||    20
 Invoke: Potion Petition   |       |       |       |     1 ||     1
  Evoke: Wand              |       |     3 |       |     1 ||     4
    Use: Scroll            |     1 |     1 |    11 |     5 ||    18
         Potion            |       |       |     1 |     5 ||     6
   Stab: Sleeping          |     1 |       |       |       ||     1
         Distracted        |       |       |     1 |     1 ||     2
 Armour: Leather armour    |    70 |    14 |       |       ||    84
         Chain mail        |       |    36 |       |       ||    36
         Scale mail        |       |    27 |   165 |   338 ||   530
  Dodge: Dodged            |    66 |    59 |   101 |   209 ||   435
